AoeStats
← kimbo

African Clearing

510651399Analyzed
2v2 RM · 13h ago on Oct 2, 2026· 38m 40s· 4 players
Game mode
Random Map
Map size
Medium (4 player)
Population
200
Speed
Normal
Resources
Standard
Victory
Conquest
Starting age
Dark Age
Ending age
Imperial Age
RankedLock teamsTeams togetherTeam positionsShared explorationLock speedFull tech treeHidden civsTurbo modeCheats
Victory
Defeat
🇬🇧 Saxons · United Kingdom
1382
+15
🇬🇧 Varangians · United Kingdom
1380
+16
🇦🇷 Huns · Argentina
1381
-16
🇦🇷 Maya · Argentina
1359
-15
Pingocho
13:04 Loom
14:50 Feudal Age
20:52 Castle Age
19:49 Double-Bit Axe
26:59 Scale Barding Armor
29:05 Chain Barding Armor
32:15 Wheelbarrow
32:55 Forging
33:48 Bloodlines
34:25 Bow Saw
36:25 Husbandry
kimbo
8:59 Loom
13:01 Feudal Age
13:47 Double-Bit Axe
16:30 Fletching
25:11 Castle Age
25:23 Padded Archer Armor
25:23 Crossbowman
32:04 Bodkin Arrow
35:46 Ballistics
36:36 Leather Archer Armor
Bokvie
5:15 Loom
12:14 Feudal Age
15:26 Arson
17:17 Man-at-Arms
23:45 Castle Age
23:46 Double-Bit Axe
28:58 Horse Collar
30:34 Husbandry
33:29 Scale Barding Armor
33:34 Forging
35:54 Bloodlines
36:21 Iron Casting
36:41 Gold Mining
37:59 Wheelbarrow
38:14 Light Cavalry
Adsoff
8:45 Loom
11:33 Feudal Age
12:30 Loom
16:05 Castle Age
15:36 Double-Bit Axe
23:53 Bow Saw
27:03 Scale Barding Armor
27:00 Scale Mail Armor
30:04 Wheelbarrow
29:35 Fletching
30:44 Squires
30:30 Arson
32:16 Chain Mail Armor
32:38 Bodkin Arrow
33:40 Forging
34:24 Horse Collar
38:05 Imperial Age
36:50 Pikeman
Connection lost

Rejoining the realm…

Still unreachable

The connection could not be restored.

Session expired

The server has moved on; the page needs a fresh start.